 Dungeon Crawl Stone Soup version 0.18-a0-705-g580043c (webtiles) character file.

825 George the Carver (level 7, 0/57 HPs)
             Began as a Minotaur Fighter on Dec 7, 2015.
             Slain by a slave (4 damage)
             ... led by Pikel
             ... on level 5 of the Dungeon.
             The game lasted 00:10:05 (4566 turns).

George the Carver (Minotaur Fighter)                Turns: 4566, Time: 00:10:05

Health: 0/57       AC: 13    Str: 23    XL:     7   Next: 64%
Magic:  6/6        EV:  4    Int:  5    God:
Gold:   182        SH: 10    Dex:  9    Spells: 0 memorised, 6 levels left

rFire  + . .     SeeInvis .     N - +7 short sword of Premature Burial {pierce, rF+}
rCold  . . .     Clarity  +     M - +0 plate armour
rNeg   + . .     SustAt   .     c - +1 shield
rPois  +         Gourm    .     (helmet restricted)
rElec  .         Spirit   .     z - +0 cloak
rCorr  .         Dismiss  .     L - +0 pair of gloves (curse)
rMut   .         Stasis   .     (no boots)
MR     .....                    D - amulet of clarity
Stlth  ..........               E - ring of positive energy
                                f - ring of poison resistance

@: drained, not resistant to hostile enchantments, extremely unstealthy
A: retaliatory headbutt, horns 2
a: no special abilities


You were on level 5 of the Dungeon.
You were very hungry.

You visited 1 branch of the dungeon, and saw 5 of its levels.
You also visited: Sewer.

You collected 182 gold pieces.

Inventory:

Hand Weapons
 a - a +1 long sword
 N - the +7 short sword of Premature Burial (weapon) {pierce, rF+}
   (You found it on level 5 of the Dungeon)

   It inflicts extra damage upon your enemies.
   It protects you from fire.
Armour
 c - a +1 shield (worn)
 z - a +0 cloak (worn)
 L - a cursed +0 pair of gloves (worn)
 M - a +0 plate armour (worn)
Jewellery
 f - a ring of poison resistance (left hand)
 t - an uncursed ring of protection from fire
 C - an uncursed ring of ice
 D - an amulet of clarity (around neck)
 E - a ring of positive energy (right hand)
 H - an uncursed amulet of resist corrosion
Wands
 y - a wand of enslavement (21)
Scrolls
 q - 2 scrolls of enchant weapon
 G - 4 scrolls of teleportation
 J - a scroll of enchant armour
 K - a scroll of magic mapping
Potions
 d - 2 potions of might
 i - 4 potions of curing
 j - a potion of mutation {unknown}
 l - a potion of poison {unknown}
 s - a potion of cancellation {unknown}
 u - 2 potions of degeneration {unknown}
 A - 4 potions of flight {unknown}
 F - a potion of heal wounds {unknown}
Comestibles
 e - 5 bread rations
 h - 2 beef jerkies
 k - 5 fruits


   Skills:
 - Level 3.6(3.4) Fighting
 + Level 10.5(10.3) Long Blades
 - Level 3.6(3.4) Armour
 - Level 3.6(3.4) Shields


You had 6 spell levels left.
You didn't know any spells.

Dungeon Overview and Level Annotations

Branches:
Dungeon (5/15)
 Temple: D:4-7

Altars:
Ashenzari
Dithmenos

Annotations:
D:5 Pikel


Innate Abilities, Weirdness & Mutations

You reflexively headbutt those who attack you in melee.
You have a pair of horns on your head.


Message History

You barely miss Pikel. You headbutt Pikel.
Pikel is heavily wounded.
You block Pikel's attack.
You closely miss Pikel.
Pikel is heavily wounded.
Pikel hits you but does no damage. You block the slave's attack.
You puncture Pikel! You headbutt Pikel.
Pikel is severely wounded.
Pikel hits you with a whip of freezing. Pikel freezes you.
* * * LOW HITPOINT WARNING * * *
The slave hits you.
* * * LOW HITPOINT WARNING * * *
You hit Pikel but do no damage. Your headbutt misses Pikel.
Pikel is severely wounded.
Pikel hits you with a whip of freezing!
* * * LOW HITPOINT WARNING * * *
Pikel freezes you.
* * * LOW HITPOINT WARNING * * *
The slave hits you.
You die...

#.......# #<.......#
#.......#####.[..))..#
#...............#'####
#...............+..)..
#...............##.)..
#...............##....
#.............[.##....
######K#........#.....
#@pp..............
####.........#####
#######.........#
................#
........######..#
........# #..#
........# ##.#
........# #..
......... ....


You could see Pikel (berserk) and 2 slaves.

Vanquished Creatures
  Edmund (D:5)
  2 slaves (D:5)
  An ogre (D:5)
  An ice beast (D:4)
  A big kobold (Sewer)
  2 hounds
  A jelly (D:4)
  An orc priest (D:4)
  Crazy Yiuf (D:3)
  2 orc wizards (D:4)
  A worker ant (D:3)
  Robin (D:3)
  7 gnolls
  A river rat (Sewer)
  5 adders
  A shadow imp (D:5)
  A worm (D:2)
  2 giant geckos
  13 orcs
  9 giant cockroaches
  14 goblins
  12 hobgoblins
  2 jackals (Sewer)
  18 kobolds
  9 bats
  6 giant newts
  A kobold zombie (D:5)
  2 quokkas
  A quokka skeleton (D:5)
  11 rats
130 creatures vanquished.

Notes
Turn   | Place    | Note
--------------------------------------------------------------
     0 | D:1      | George the Minotaur Fighter began the quest for the Orb.
     0 | D:1      | Reached XP level 1. HP: 19/19 MP: 0/0
   245 | D:1      | Reached XP level 2. HP: 24/26 MP: 1/1
   595 | D:1      | Reached skill level 4 in Long Blades
   869 | D:2      | Reached XP level 3. HP: 31/31 MP: 2/2
  1342 | D:2      | Reached skill level 5 in Long Blades
  1346 | D:2      | Reached XP level 4. HP: 31/39 MP: 3/3
  2027 | D:3      | Reached skill level 6 in Long Blades
  2028 | D:3      | Found a shattered altar of Ashenzari.
  2149 | D:3      | Noticed Robin
  2189 | D:3      | Killed Robin
  2189 | D:3      | Reached XP level 5. HP: 41/45 MP: 4/4
  2449 | D:3      | Noticed Crazy Yiuf
  2457 | D:3      | Killed Crazy Yiuf
  2457 | D:3      | Reached skill level 7 in Long Blades
  2683 | D:4      | Found a shadowy altar of Dithmenos.
  2781 | D:4      | Found a glowing drain.
  2814 | Sewer    | Entered a sewer
  2820 | Sewer    | Reached XP level 6. HP: 51/51 MP: 5/5
  2883 | Sewer    | Reached skill level 8 in Long Blades
  2910 | Sewer    | Found a white marble altar of Elyvilon.
  3122 | D:3      | Reached skill level 9 in Long Blades
  3415 | D:4      | Reached XP level 7. HP: 15/57 MP: 6/6
  4019 | D:5      | Entered Level 5 of the Dungeon
  4182 | D:5      | Reached skill level 10 in Long Blades
  4445 | D:5      | Got an iridescent short sword
  4446 | D:5      | Identified the +7 short sword of Premature Burial {pierce, rF+} (You found it on level 5 of the Dungeon)
  4453 | D:5      | Noticed Edmund
  4465 | D:5      | Killed Edmund
  4544 | D:5      | Noticed Pikel
  4566 | D:5      | Slain by a slave

Vault maps used:
D:1:      grunt_arrival_crossed_arrows, serial_bayou_pond_c
D:2:      first_bread
D:3:      ashenzari_altar_1, minmay_misc_feat_five, uniq_robin,
          uniq_crazy_yiuf_cottage
D:4:      gup_sewer_entry_glass, nicolae_dithmenos_shadow_blocks
D:5:      minmay_mini_ossuary, uniq_edmund, uniq_pikel
Sewer:    sewer_kobolds

Action                   |  1- 3 |  4- 6 |  7- 9 || total
-------------------------+-------+-------+-------++-------
Melee: Long sword        |    99 |   183 |    44 ||   326
       Short sword       |       |       |    43 ||    43
Evoke: Wand              |       |       |     1 ||     1
  Use: Scroll            |     3 |     7 |     2 ||    12
  Eat: Chunk             |     1 |     7 |     3 ||    11
